 Dungeon Crawl Stone Soup version 0.13-b1-24-g18a6e78 (webtiles) character file.

5041 Czerbonog the Basher (level 10, -4/64 HPs)
             Began as a Gargoyle Fighter on Oct 3, 2013.
             Was a Follower of Okawaru.
             Slain by Erolcha
             ... wielding a +0,+0 giant club
              (17 damage)
             ... on Level 9 of the Dungeon.
             The game lasted 00:36:32 (9216 turns).

Czerbonog the Basher (Gargoyle Fighter)             Turns: 9216, Time: 00:36:32

HP  -4/64        AC 19     Str 21      XL: 10   Next: 48%
MP   9/9         EV 12     Int 11      God: Okawaru [*.....]
Gold 238         SH 26     Dex  9      Spells:  0 memorised,  9 levels left

Res.Fire  : . . .   See Invis. : .   t - +4,+2 whip (vamp)
Res.Cold  : + . .   Warding    : +   B - +2 scale mail {rC+}
Life Prot.: + + .   Conserve   : .   c - +0 shield
Res.Poison: +       Res.Corr.  : .   o - +0 helmet
Res.Elec. : +       Clarity    : .   (no cloak)
Sust.Abil.: . .     Spirit.Shd : .   (no gloves)
Res.Mut.  : .       Stasis     : .   y - +0 pair of boots
Res.Rott. : +       Flight     : .   w - amulet of warding
Saprovore : . . .                    n - ring of protection from magic
                                     f - +4 ring of evasion

@: heroism, quite resistant to hostile enchantments, very unstealthy
A: fangs 1, talons 2, life protection 1, electricity resistance, slow metabolism
1, unbreathing, petrification resistance, AC +7
a: Heroism, Renounce Religion


You were on level 9 of the Dungeon.
You worshipped Okawaru.
Okawaru was aware of your devotion.
You were not hungry.

You visited 2 branches of the dungeon, and saw 10 of its levels.

You collected 295 gold pieces.
You spent 77 gold pieces at shops.

Inventory:

Hand weapons
 a - a +0,+0 mace
 e - a +1,+1 orcish mace
 j - a cursed +3,+2 flail
 k - a +1,+3 orcish falchion
 p - a +1,+0 dwarven mace
 t - a +4,+2 vampiric whip (weapon)
 x - a +1,+0 whip of flaming
Armour
 b - a +0 scale mail
 c - a +0 shield (worn)
 o - a +0 helmet (worn)
 y - a +0 pair of boots (worn)
 B - a +2 scale mail of cold resistance (worn)
Magical devices
 l - a wand of frost (5)
 E - a wand of slowing (17)
 G - a wand of digging (9)
 R - a wand of fire (4) {unknown}
Comestibles
 d - 6 bread rations
 h - 5 meat rations
 z - 15 grapes
 A - 2 sultanas
 J - 6 chunks of centaur flesh
 L - a honeycomb
 M - 2 apples
 N - 4 chokos
 O - a cheese
Scrolls
 i - 6 scrolls of teleportation
 r - 3 scrolls of blinking
 s - 6 scrolls of identify
 v - 3 scrolls of remove curse
 I - a scroll of magic mapping
Jewellery
 f - a +4 ring of evasion (left hand)
 n - a ring of protection from magic (right hand)
 u - an uncursed amulet of guardian spirit
 w - an amulet of warding (around neck)
 C - a +1 ring of dexterity {unknown}
Potions
 g - a potion of curing
 m - 2 potions of restore abilities
 S - a potion of brilliance
Books
 q - a book of Hinderance

   Spells                             Type                      Level
   Confusing Touch                    Hexes                        1
   Slow                               Hexes                        2
   Confuse                            Hexes                        3
   Petrify                            Transmutation/Earth          4
   Leda's Liquefaction                Hexes/Earth                  4
   Metabolic Englaciation             Hexes/Ice                    6
 F - a book of Death

   Spells                             Type                      Level
   Corpse Rot                         Necromancy                   2
   Sublimation of Blood               Necromancy                   2
   Agony                              Necromancy                   5
   Dispel Undead                      Necromancy                   5
   Excruciating Wounds                Charms/Necromancy            5
   Bolt of Draining                   Conjuration/Necromancy       6
Magical staves
 D - an uncursed staff of wizardry {unknown}


   Skills:
 + Level 10.6(15.6) Fighting
 - Level 11.0(16.0) Maces & Flails
 - Level 3.2(8.2) Armour
 * Level 7.9(12.9) Shields


You had 9 spell levels left.
You didn't know any spells.

Dungeon Overview and Level Annotations

Branches:
Dungeon (9/27)             Temple (1/1) D:7
    Orc: D:6-11        Lair: D:8-13

Altars:
Ashenzari
Cheibriados
Elyvilon
Fedhas
Kikubaaqudgha
Makhleb
Nemelex Xobeh
Okawaru
Sif Muna
Trog
Vehumet
Xom
Yredelemnul
Zin
the Shining One

Shops:
D:7 }(%*   D:8 }/*

Annotations:
D:8 4tharraofdagon's ghost, experienced TrEE
D:9 Erolcha


Innate Abilities, Weirdness & Mutations

You are resistant to torment.
You are immune to poison.
Your stone body is very resilient (AC +7).
You have very sharp teeth.
You have razor-sharp toenails.
You resist negative energy.
You are resistant to electric shocks.
You have a slow metabolism.
You can survive without breathing.
You are immune to petrification.


Message History

You closely miss it. It hits you!
You hit it.
You feel better.
You completely miss it. You block its attack.
You hit it but do no damage. You hit it but do no damage.
You completely miss it.
You hear some strange, mumbled words.
Something tries to affect you, but you resist.
You hit it.
You feel better.
You hit it but do no damage.
You hear some strange, mumbled words.
The bolt of poison hits you! You resist.
* * * LOW HITPOINT WARNING * * *
You hit it but do no damage. You closely miss it. You bite it. It hits you!
* * * LOW HITPOINT WARNING * * *
Drink which item? (? for menu, Esc to quit)
You feel better.
You hit it.
You feel better. It hits you!
You die...

#.........# # ######'#### #
#.# #.# ####'#### #######
#.......# #....... ##
#.......####...<..?. ## .#
#.......'.##......O( #. .#
#.......#@##........ #.
.#######.......#)##.........
#.
.'....##.......#.>#.........
#.#.
.####.##.......##...........
#... .#
#..'.......####........ ###.
.# ####.......# #........ #.
.# #.......# #?......5 #. ##
#.......# #....... ##
##)###### #.....%


There were no monsters in sight!

Vanquished Creatures
  Pikel (D:7)
  2 trolls (D:9)
  A wyvern (D:9)
  A hungry ghost (D:9)
  A hippogriff (D:9)
  A merfolk (D:8)
  2 necrophages (D:8)
  2 orc warriors
  2 sky beasts (D:7)
  2 black bears (D:6)
  3 centaurs
  4 ogres
  3 slaves (D:7)
  3 giant frogs
  5 killer bees (D:7)
  A hippogriff skeleton (D:9)
  5 wights (D:7)
  3 crimson imps
  2 centaur zombies
  3 hounds
  A gnoll shaman (D:5)
  A centaur skeleton (D:9)
  An iguana (D:8)
  11 worker ants
  A jelly (D:6)
  4 orc priests
  5 orc wizards
  2 scorpions
  Ijyb (D:3)
  Jessica (D:3)
  Terence (D:3)
  13 gnolls
  10 adders
  An inept feature mimic (D:4)
  6 worms
  4 giant geckos
  An ooze (D:4)
  37 orcs
  3 ball pythons
  7 giant cockroaches
  15 hobgoblins
  14 jackals
  2 quokkas
  4 training dummies (D:8)
  13 bats
  5 giant newts
  9 goblins
  13 kobolds
  18 rats
  A rat skeleton (D:4)
252 creatures vanquished.

Vanquished Creatures (others)
  An orc wizard (D:7)
  3 orcs (D:7)
  A quokka (D:7)
  A kobold (D:7)
6 creatures vanquished.

Grand Total: 258 creatures vanquished

Notes
Turn   | Place    | Note
--------------------------------------------------------------
     0 | D:1      | Czerbonog, the Gargoyle Fighter, began the quest for the Orb.
     0 | D:1      | Reached XP level 1. HP: 14/14 MP: 0/0
   250 | D:1      | Reached XP level 2. HP: 19/19 MP: 1/1
   275 | D:1      | Reached skill level 4 in Fighting
   765 | D:2      | Reached XP level 3. HP: 24/24 MP: 2/2
   971 | D:2      | Reached skill level 5 in Fighting
   971 | D:2      | Reached XP level 4. HP: 29/29 MP: 3/3
  1355 | D:3      | Reached XP level 5. HP: 30/34 MP: 4/4
  1420 | D:3      | Found a bloodstained altar of Trog.
  1565 | D:3      | Noticed Ijyb
  1593 | D:3      | Killed Ijyb
  1866 | D:3      | Reached skill level 6 in Fighting
  2087 | D:3      | Noticed Terence
  2202 | D:3      | Killed Terence
  2330 | D:3      | Noticed Jessica
  2334 | D:3      | Killed Jessica
  2334 | D:3      | Reached XP level 6. HP: 40/40 MP: 5/5
  3002 | D:4      | Reached skill level 5 in Maces & Flails
  3253 | D:5      | Entered Level 5 of the Dungeon
  3355 | D:5      | Reached XP level 7. HP: 36/44 MP: 6/6
  3697 | D:5      | Reached skill level 7 in Fighting
  4523 | D:4      | Reached XP level 8. HP: 51/51 MP: 7/7
  5386 | D:6      | Reached skill level 8 in Maces & Flails
  5789 | D:6      | Found a bloodstained altar of Trog.
  5902 | D:6      | Reached skill level 9 in Maces & Flails
  6481 | D:7      | Found Peamoock's Antique Weapon Emporium.
  6604 | D:7      | Noticed Pikel
  6670 | D:7      | Killed Pikel
  6670 | D:7      | Reached skill level 10 in Maces & Flails
  6670 | D:7      | Reached XP level 9. HP: 57/57 MP: 8/8
  6671 | D:7      | Found Haokeiw's General Store.
  6675 | D:7      | Found a staircase to the Ecumenical Temple.
  7038 | D:7      | Found Pnuq's Gadget Shoppe.
  7083 | D:7      | Found a glowing golden altar of the Shining One.
  7083 | D:7      | Found a bloodstained altar of Trog.
  7084 | D:7      | Found a basalt altar of Yredelemnul.
  7389 | D:7      | Found Wirie's Food Shoppe.
  7612 | D:7      | Reached skill level 11 in Maces & Flails
  7816 | Temple   | Entered the Ecumenical Temple
  7980 | Temple   | Became a worshipper of Warmaster Okawaru
  8289 | D:8      | Found Vecor's General Store.
  8312 | D:8      | Bought a scroll of enchant weapon II for 77 gold pieces
  8375 | D:8      | Found Pluawavi's Magical Wand Shoppe.
  8402 | D:8      | Found Istru Pro's Gadget Emporium.
  8499 | D:8      | Reached skill level 5 in Shields
  8525 | D:8      | Found an iron altar of Okawaru.
  8590 | D:8      | Acquired Okawaru's first power
  8590 | D:8      | Reached XP level 10. HP: 47/64 MP: 9/9
  8608 | D:8      | Reached skill level 10 in Fighting
  8687 | D:8      | Noticed 4tharraofdagon's ghost (experienced TrEE)
  9158 | D:9      | Noticed Erolcha
  9214 | D:9      | HP: 3/64 [something (16)]
  9216 | D:9      | Slain by Erolcha

Action                   |  1- 3 |  4- 6 |  7- 9 | 10-12 || total
-------------------------+-------+-------+-------+-------++-------
Melee: Mace              |    75 |   235 |   224 |       ||   534
       Unarmed           |       |       |    40 |       ||    40
       Whip              |       |       |   637 |   259 ||   896
Invok: Heroism           |       |       |       |     3 ||     3
Evoke: Wand              |       |       |    10 |       ||    10
  Use: Scroll            |     5 |     9 |     5 |     3 ||    22
       Potion            |       |     6 |     6 |     2 ||    14
 Stab: Invisible         |       |       |     7 |       ||     7
